 Dungeon Crawl Stone Soup version 0.21-a0-404-g291f19a (webtiles) character file.

149 HAL9000 the Skirmisher (level 5, -1/62 HPs)
             Began as an Ogre Hunter on Oct 31, 2017.
             Killed by nerve-wracking pain
             ... invoked by Grinder
              (7 damage)
             ... on level 4 of the Dungeon.
             The game lasted 00:06:45 (4391 turns).

HAL9000 the Skirmisher (Ogre Hunter)                Turns: 4391, Time: 00:06:47

Health: -1/62      AC:  3    Str: 17    XL:     5   Next: 31%
Magic:  14/14      EV: 10    Int: 12    God:
Gold:   207        SH:  0    Dex:  9    Spells: 4/4 levels left

rFire    x . .     SeeInvis .   y - +0 rapier
rCold    + . .     Gourm    .   (no shield)
rNeg     . . .     Faith    .   b - +0 robe
rPois    .         Spirit   .   (helmet restricted)
rElec    .         Reflect  .   (no cloak)
rCorr    .         Harm     .   (gloves unavailable)
MR       .....                  (boots unavailable)
Stlth    +.........             (no amulet)
HPRegen  0.20/turn              t - ring of magical power
MPRegen  0.14/turn              C - ring of ice

@: no status effects
A: unfitting armour, tough skin 1
a: no special abilities


You were on level 4 of the Dungeon.
You were very hungry.

You visited 1 branch of the dungeon, and saw 4 of its levels.

You collected 207 gold pieces.

Inventory:

Hand Weapons
 a - a +0 short sword
 y - a +0 rapier (weapon)
Missiles
 d - 2 throwing nets (quivered)
 k - 6 needles of sleeping
 x - 8 tomahawks
Armour
 b - a +0 robe (worn)
Jewellery
 t - a ring of magical power (left hand)
 C - a ring of ice (right hand)
Wands
 D - a wand of lightning (0/15)
Scrolls
 i - 3 scrolls of remove curse {unknown}
 m - 2 scrolls of recharging {unknown}
 o - a scroll of blinking {unknown}
 q - 2 scrolls of amnesia {unknown}
 u - 3 scrolls of identify {unknown}
Potions
 g - 2 potions of berserk rage {unknown}
 l - 3 potions of lignification {unknown}
 s - 2 potions of mutation {unknown}
 v - a potion of resistance {unknown}
 B - 4 potions of heal wounds {unknown}
Comestibles
 f - 3 bread rations
 h - 6 fruits
 p - a meat ration
 A - 2 royal jellies


   Skills:
 + Level 7.1 Fighting
 - Level 4.0 Throwing
 - Level 1.7 Dodging
 - Level 0.6 Stealth


You had 4 spell levels left.
You didn't know any spells.

Dungeon Overview and Level Annotations

Branches:
Dungeon (4/15)
 Temple: D:4-7

Altars:
Xom

Annotations:
D:4 Grinder


Innate Abilities, Weirdness & Mutations

You are too large for most types of armour.
You have tough skin. (AC +1)


Message History

Grinder hits you!
You writhe in agony.
* * * LOW HITPOINT WARNING * * *
Grinder hits you!
* * * LOW HITPOINT WARNING * * *
You writhe in agony.
* * * LOW HITPOINT WARNING * * *
Throwing (i - inventory. (,) - cycle):
c - a large rock (quivered)
Press: ? - help, Shift-Dir - straight line, f/p - Grinder
Aim: Grinder (almost dead)
You throw a large rock.
The large rock hits Grinder but does no damage.
Grinder is almost dead.
Grinder closely misses you.
Unknown command.
You closely miss Grinder.
Grinder is almost dead.
Grinder barely misses you. Grinder gestures at you.
Pain shoots through your body!
You die...

#......# #.#
#......# #.#
######.# #.# #.#
##'### #.# #....#
#.# #....# #.#
#....# #.#####†...#
#@#....#'###
#5#.##.#.#
#########.#.##.#.###
.........(#..<.....#
####....###########
+....+ #...(# #....#
5..###


You could see Grinder.

Vanquished Creatures
  A hound skeleton (D:4)
  Robin (D:3)
  3 adders
  A dart slug (D:3)
  4 leopard geckos
  2 orcs (D:3)
  3 giant cockroaches
  23 goblins
  6 hobgoblins
  16 jackals
  3 ball pythons
  5 bats
  4 frilled lizards
  3 kobolds
  3 rats (D:3)
78 creatures vanquished.

Vanquished Creatures (others)
  A goblin (D:3)
1 creature vanquished.

Grand Total: 79 creatures vanquished

Notes
Turn   | Place    | Note
-------+----------+-------------------------------------------
     0 | D:1      | HAL9000 the Ogre Hunter began the quest for the Orb.
     0 | D:1      | Reached XP level 1. HP: 22/22 MP: 1/1
   139 | D:1      | Reached skill level 3 in Fighting
   521 | D:1      | Reached XP level 2. HP: 24/32 MP: 2/2
   737 | D:1      | Reached skill level 4 in Fighting
   833 | D:1      | Reached XP level 3. HP: 23/40 MP: 3/3
  1411 | D:2      | Reached skill level 5 in Fighting
  1672 | D:2      | Found a burning altar of Makhleb.
  1674 | D:2      | Found an opulent altar of Gozag.
  1674 | D:2      | Found a shimmering altar of Xom.
  1676 | D:2      | Found a hide-covered altar of Uskayaw.
  1676 | D:2      | Found a glowing golden altar of the Shining One.
  1676 | D:2      | Found a sacrificial altar of Ru.
  2276 | D:3      | Reached XP level 4. HP: 38/52 MP: 4/4
  2553 | D:3      | Reached skill level 6 in Fighting
  3534 | D:3      | Reached XP level 5. HP: 57/61 MP: 5/5
  3562 | D:3      | Noticed Robin
  3891 | D:3      | Killed Robin
  4365 | D:4      | Noticed Grinder
  4376 | D:4      | Reached skill level 7 in Fighting
  4378 | D:4      | Paralysed by Grinder for 5 turns
  4385 | D:4      | Paralysed by Grinder for 3 turns
  4391 | D:4      | Killed from afar by Grinder

Vault maps used:
D:1:      wheals_arrival_linesprint
D:2:      first_bread, doesnt_xom_only_xom
D:3:      kennysheep_goblin_castle
D:4:      kennysheep_six_static_rooms, uniq_grinder

Skill      XL: |  1  2  3  4  5 |
---------------+----------------+-----
Fighting       | 3 4 5 6 7 |  7.1
Throwing       | |  4.0
Dodging        | |  1.7
Stealth        | |  0.6

Action                   |  1- 3 |  4- 6 || total
-------------------------+-------+-------++-------
Melee: Short sword       |   131 |       ||   131
       Rapier            |    15 |   149 ||   164
Throw: Large rock        |       |     5 ||     5
Evoke: Wand              |       |     1 ||     1
 Stab: Sleeping          |     1 |     1 ||     2
  Eat: Chunk             |     4 |     6 ||    10
Armor: Robe              |    40 |    47 ||    87
Dodge: Dodged            |    88 |    96 ||   184

Table legend:
 A = Spawn XP
 B = Non-spawn XP
 C = Spawn XP percentage of total XP
 D = Spawn monster count
 E = Non-spawn monster count
 F = Spawn count percentage of total count
 G = Total turns spent on level
                    A         B        C        D         E        F      G
               +---------+---------+-------+---------+---------+-------+---------
         Total |       0 |     213 |   0.0 |       0 |      78 |   0.0 |  4391
               +---------+---------+-------+---------+---------+-------+---------
           D:1 |       0 |      40 |   0.0 |       0 |      22 |   0.0 |  1188
           D:2 |       0 |      28 |   0.0 |       0 |       9 |   0.0 |  1221
           D:3 |       0 |     125 |   0.0 |       0 |      45 |   0.0 |  1872
           D:4 |       0 |      20 |   0.0 |       0 |       2 |   0.0 |   110
               +---------+---------+-------+---------+---------+-------+---------
